 Dungeon Crawl Stone Soup version 0.22.0-38-g04b72b8c25 (webtiles) character file.

149086 Jannitor the Impaler (level 16, -15/140 HPs)
             Began as a Demigod Warper on Aug 27, 2018.
             Demolished by motoroller71's ghost (22 damage)
             ... on level 2 of the Orcish Mines.
             The game lasted 02:00:45 (64084 turns).

Jannitor the Impaler (Demigod Warper)              Turns: 64084, Time: 02:00:45

Health: -15/140    AC: 12    Str: 25    XL:     16   Next: 41%
Magic:  27/27      EV: 17    Int: 21    God:
Gold:   2742       SH:  0    Dex: 20    Spells: 2/24 levels left

rFire    . . .     SeeInvis +   P - +9 glaive (freeze)
rCold    + . .     Gourm    .   (shield currently unavailable)
rNeg     . . .     Faith    .   G - +0 scale mail {rPois}
rPois    +         Spirit   .   h - +0 helmet
rElec    .         Reflect  .   c - +0 cloak
rCorr    .         Harm     .   (no gloves)
MR       +....                  o - +2 pair of boots
Stlth    +.........             (no amulet)
HPRegen  0.33/turn              d - ring of see invisible
MPRegen  0.20/turn              O - ring of protection from cold

@: mighty, agile, very slightly contaminated, extremely drained, invisible
A: high mp 1
a: no special abilities


You were on level 2 of the Orcish Mines.
You were not hungry.

You visited 5 branches of the dungeon, and saw 29 of its levels.
You also visited: Ice Cave.

You collected 3072 gold pieces.
You spent 330 gold pieces at shops.

Inventory:

Hand Weapons
 F - a +0 trident of venom
 P - a +9 glaive of freezing (weapon)
Missiles
 e - 5 tomahawks of dispersal (quivered)
 s - 7 throwing nets
 t - 5 tomahawks of returning
Armour
 c - a +0 cloak (worn)
 h - a +0 helmet (worn)
 o - a +2 pair of boots (worn)
 w - a +1 plate armour of fire resistance
 D - a +2 buckler
 G - a +0 scale mail of poison resistance (worn)
 H - the +5 ring mail "Viturchui" {MR++}
   (You took it off a wight on level 12 of the Dungeon)

   It affects your resistance to hostile enchantments.
Jewellery
 b - an uncursed ring of resist corrosion
 d - a ring of see invisible (left hand)
 x - an uncursed ring of positive energy
 O - a ring of protection from cold (right hand)
 Q - an uncursed ring of ice
 X - an uncursed ring of protection from fire
 Z - an uncursed ring of magical power
Wands
 j - a wand of acid (6)
 l - a wand of random effects (18)
 n - a wand of flame (23)
 C - a wand of digging (26)
 I - a wand of polymorph (26)
Scrolls
 i - 8 scrolls of identify
 k - 5 scrolls of magic mapping
 m - 12 scrolls of remove curse
 p - 3 scrolls of immolation
 r - 2 scrolls of enchant weapon
 K - 9 scrolls of amnesia
 R - 4 scrolls of teleportation
 T - 5 scrolls of enchant armour
 U - 3 scrolls of fog
 Y - a scroll of fear
Potions
 u - a potion of ambrosia
 v - 2 potions of invisibility
 A - 8 potions of flight
 B - 4 potions of magic
 J - 6 potions of lignification
 M - 12 potions of curing
 N - 3 potions of brilliance
 V - a potion of berserk rage
 W - 2 potions of might
Miscellaneous
 E - a phial of floods (inert)
Comestibles
 a - 7 chunks of flesh
 f - 7 rations


   Skills:
 - Level 12.3(4.8) Fighting
 - Level 16.6(8.2) Polearms
 - Level 0.8(0.0) Throwing
 + Level 11.2(3.8) Armour
 - Level 10.9(3.6) Dodging
 - Level 0.3(0.0) Shields
 + Level 4.6(0.0) Spellcasting
 - Level 6.8(0.3) Charms
 + Level 3.5(0.0) Summonings
 + Level 8.9(2.0) Translocations


You had 2 spell levels left.
You knew the following spells:

 Your Spells              Type           Power        Failure   Level  Hunger
a - Blink                 Tloc           N/A          26%         2    ###....
b - Shroud of Golubria    Chrm/Tloc      #.........   36%         2    ###....
c - Teleport Other        Tloc           #.......     47%         3    ####...
d - Gell's Gravitas       Tloc           #.........   47%         3    ####...
e - Apportation           Tloc           #.....       19%         1    ##.....
f - Passage of Golubria   Tloc           N/A          87%         4    #####..
g - Song of Slaying       Chrm           #.......     50%         2    ###....
h - Summon Forest         Summ/Tloc      #.........   100%        5    ######.

Your spell library contained the following spells:

 Spells                   Type           Power        Failure   Level  Hunger
 Animate Skeleton         Necr           N/A          38%         1    ##.....
 Confusing Touch          Hex            #.....       38%         1    ##.....
 Freeze                   Ice            #...         38%         1    ##.....
 Magic Dart               Conj           #...         38%         1    ##.....
 Pain                     Necr           #...         38%         1    ##.....
 Sandblast                Erth           #.....       38%         1    ##.....
 Summon Small Mammal      Summ           #...         38%         1    ##.....
 Call Imp                 Summ           #.......     52%         2    ###....
 Corpse Rot               Necr           N/A          52%         2    ###....
 Passwall                 Tmut/Erth      #.......     52%         2    ###....
 Throw Frost              Conj/Ice       #.....       52%         2    ###....
 Lesser Beckoning         Tloc           #.........   47%         3    ####...
 Ozocubu's Armour         Chrm/Ice       #.......     75%         3    ####...
 Regeneration             Chrm/Necr      #.........   75%         3    ####...
 Call Canine Familiar     Summ           #.......     77%         3    ####...
 Confuse                  Hex            #.......     77%         3    ####...
 Stone Arrow              Conj/Erth      #.....       77%         3    ####...
 Summon Guardian Golem    Hex/Summ       #.......     77%         3    ####...
 Vampiric Draining        Necr           #.........   77%         3    ####...
 Animate Dead             Necr           N/A          99%         4    #####..
 Ice Form                 Ice/Tmut       #.......     99%         4    #####..
 Leda's Liquefaction      Hex/Erth       #.........   99%         4    #####..
 Petrify                  Tmut/Erth      #.......     99%         4    #####..
 Sticky Flame             Conj/Fire      #.......     99%         4    #####..
 Summon Ice Beast         Ice/Summ       #.......     99%         4    #####..
 Summon Lightning Spire   Summ/Air       #.......     99%         4    #####..
 Throw Icicle             Conj/Ice       #.......     99%         4    #####..
 Bolt of Draining         Conj/Necr      #.........   100%        5    ######.
 Lee's Rapid Deconstruct  Erth           #.........   100%        5    ######.
 Metabolic Englaciation   Hex/Ice        #.........   100%        5    ######.
 Yara's Violent Unravell  Hex/Tmut       #.........   100%        5    ######.
 Bolt of Cold             Conj/Ice       #.........   100%        6    #######
 Freezing Cloud           Conj/Ice/Air   #.........   100%        6    #######
 Hydra Form               Tmut           #.........   100%        6    #######
 Ozocubu's Refrigeration  Ice            #.........   100%        6    #######
 Simulacrum               Ice/Necr       #.........   100%        6    #######
 Summon Hydra             Summ           #.........   100%        7    #######


Dungeon Overview and Level Annotations

Branches:
Dungeon (15/15)            Temple (0/1) D:6            Lair (6/6) D:8
  Swamp (4/4) Lair:2       Spider (2/4) Lair:2        Slime (0/5) Lair:6
    Orc (2/2) D:11            Elf (0/3) Orc:2        Vaults (0/5) D:13
 Depths (0/5) D:15

Shops:
D:8 (   Orc:1 }   Orc:2 !

Annotations:
D:10 1 exclusion
Lair:5 exclusion: 4 oklob plants
Swamp:3 3 runed doors, Xuaf's ghost, adept MiBe
Orc:2 motoroller71's ghost, adept GnFi


Innate Abilities, Weirdness & Mutations

You have an increased reservoir of magic. (+10% MP)


Message History

Motoroller71's ghost is severely damaged.
Motoroller71's ghost closely misses you.
Attack whom?
Press: ? - help, Dir - move target cursor, f/p - motoroller71's ghost
Aim: motoroller71's ghost, wielding a weapon of draining (severely damaged)
You miss motoroller71's ghost.
Motoroller71's ghost is severely damaged.
Motoroller71's ghost misses you.
Attack whom?
Press: ? - help, Dir - move target cursor, f/p - motoroller71's ghost
Aim: motoroller71's ghost, wielding a weapon of draining (severely damaged)
You slice motoroller71's ghost!! You freeze motoroller71's ghost.
Motoroller71's ghost is almost destroyed.
Motoroller71's ghost hits you!!
* * * LOW HITPOINT WARNING * * *
You feel drained.
* * * LOW HITPOINT WARNING * * *
Motoroller71's ghost wails, "Do you think the gods will protect you?"
Motoroller71's ghost hits you!!
You die...

##.#..[<)#..........#.
###..)[##...........#
## ##.#.♣♣...........#
##.##.........#.......#
#....#........##...#...
#......#.....##.......
##....##..♣.#.....#.#.
#.....#.#.##.......###
##..W@...## #.###.#
###....## ### ......#
#....#...# ##....#.##
....≈ ## #....≈ ##.#...


You could see motoroller71's ghost.

Vanquished Creatures
  2 orc warlords (Orc:1)
  Azrael (Orc:1)
  A fire dragon (Lair:2)
  An ice dragon (Lair:6)
  Harold (Lair:1)
  3 catoblepae
  A vault guard (D:13)
  10 hydras
  10 alligators
  4 two-headed ogres
  2 centaur warriors (D:15)
  The ghost of Tel Liarphemo the Cleaver, a novice DsBe of Trog (Lair:1)
  4 death yaks
  A tengu warrior (D:14)
  An orc high priest (Orc:1)
  Nergalle (D:10)
  2 skeletal warriors (D:15)
  A spriggan druid (Swamp:3)
  2 unseen horrors
  3 wizards
  2 lindwurms (Lair:6)
  A shambling mangrove (Lair:2)
  4 orc knights
  A phantasmal warrior (D:14)
  3 orb spiders (Spider:1)
  5 necromancers
  5 orc sorcerers
  10 wolf spiders
  5 cyclopes
  A deep elf mage (D:15)
  4 manticores
  14 ugly things
  3 centaur zombies
  20 elephants
  Joseph (D:9)
  22 spiny frogs
  3 black mambas
  5 torpor snails (Lair:6)
  A gargoyle (D:14)
  A frost giant skeleton (D:15)
  6 rime drakes
  A kobold demonologist (D:13)
  A yaktaur (shapeshifter) (D:15)
  9 komodo dragons
  2 demonic crawlers (Spider:1)
  8 jumping spiders
  11 polar bears (IceCv)
  6 trolls
  21 slime creatures
  16 tyrant leeches
  9 hornets
  A deep troll zombie (D:15)
  7 blink frogs
  12 hippogriffs
  7 bog bodies
  Prince Ribbit (D:6)
  Grinder (D:4)
  A meliai zombie (D:15)
  3 spriggans
  8 dream sheep
  Sigmund (D:2)
  A fire dragon zombie (D:15)
  18 tarantellas
  23 redbacks
  A shadow (Lair:2)
  4 wraiths
  13 wyverns
  34 yaks
  A deep troll skeleton (D:15)
  18 humans (D:13)
  4 fire bats (D:13)
  2 fire elementals (Orc:2)
  9 basilisks
  A hungry ghost (D:15)
  9 vampire mosquitoes
  13 insubstantial wisps
  13 swamp worms
  Menkaure (D:7)
  3 acid dragons
  10 water moccasins
  7 wargs
  9 porcupines
  6 hell hounds
  41 orc warriors
  3 swamp drakes
  3 phantoms
  2 ice beasts
  A hornet zombie (D:15)
  15 ogres
  5 black bears
  6 sky beasts
  3 eyes of draining (D:3)
  A necrophage (D:11)
  44 wolves
  17 centaurs
  9 crocodiles
  2 big kobolds
  15 bullfrogs
  3 gnoll sergeants (D:9)
  2 wyvern zombies
  4 scorpions
  14 killer bees
  15 wights
  2 electric eels
  2 lava snakes (D:13)
  2 bullfrog zombies
  4 crimson imps
  A quasit (D:5)
  6 jellies
  27 orc priests
  Crazy Yiuf (D:2)
  2 hounds
  28 orc wizards
  Ijyb (D:4)
  8 centaur skeletons
  A gnoll shaman (D:7)
  5 iguanas
  2 bullfrog skeletons (D:6)
  A statue (D:5)
  16 worker ants
  A hound zombie (D:8)
  Robin (D:4)
  17 gnolls
  15 adders
  6 shadow imps
  3 oozes
  A worm (D:1)
  3 dart slugs
  4 leopard geckos
  86 orcs
  2 ball pythons (D:2)
  2 giant cockroaches
  10 goblins
  20 hobgoblins
  4 jackals (D:5)
  21 kobolds
  4 quokkas
  6 bats
  2 frilled lizards
  A jackal skeleton (D:5)
  A jackal zombie (D:7)
  A quokka skeleton (D:4)
  5 rats
  3 fire vortices (D:13)
  A plant (Lair:4)
1029 creatures vanquished.

Vanquished Creatures (collateral kills)
  Gastronok (Lair:2)
  An ice statue (IceCv)
  3 slime creatures (Swamp:4)
  A swamp drake (Swamp:4)
6 creatures vanquished.

Vanquished Creatures (others)
  An orb spider (Spider:1)
  An orc priest (Orc:1)
  2 orcs (Orc:2)
  14 fungi
  16 plants
  3 withered plants (D:15)
37 creatures vanquished.

Grand Total: 1072 creatures vanquished

Notes
Turn   | Place    | Note
-------+----------+-------------------------------------------
     0 | D:1      | Jannitor the Demigod Warper began the quest for the Orb.
     0 | D:1      | Reached XP level 1. HP: 17/17 MP: 5/5
    41 | D:1      | Reached skill level 1 in Armour
   164 | D:1      | Reached skill level 2 in Polearms
   546 | D:1      | Reached XP level 2. HP: 24/24 MP: 7/7
  1476 | D:2      | Noticed Sigmund
  1596 | D:2      | Learned a level 2 spell: Blink
  1599 | D:2      | Learned a level 2 spell: Shroud of Golubria
  1789 | D:2      | Reached XP level 3. HP: 25/29 MP: 5/8
  2613 | D:2      | Found an ornate altar of the Wu Jian Council.
  2613 | D:2      | Found an opulent altar of Gozag.
  2613 | D:2      | Found a blossoming altar of Fedhas.
  2613 | D:2      | Found a snail-covered altar of Cheibriados.
  2748 | D:2      | Found a shadowy altar of Dithmenos.
  2748 | D:2      | Found a burning altar of Makhleb.
  3379 | D:2      | Found a runed door.
  3466 | D:2      | Reached XP level 4. HP: 36/36 MP: 9/9
  3679 | D:2      | Noticed Crazy Yiuf
  3688 | D:2      | Killed Crazy Yiuf
  3688 | D:2      | Reached skill level 3 in Polearms
  4007 | D:3      | Reached skill level 1 in Charms
  4076 | D:3      | Noticed an eye of draining
  4089 | D:3      | Noticed an eye of draining
  4111 | D:3      | Killed an eye of draining
  4111 | D:3      | Reached XP level 5. HP: 42/42 MP: 1/10
  4135 | D:3      | Killed an eye of draining
  4136 | D:3      | Found a bloodstained altar of Trog.
  4137 | D:3      | Noticed an eye of draining
  4178 | D:3      | Killed an eye of draining
  4178 | D:3      | Reached skill level 4 in Polearms
  4178 | D:3      | Reached XP level 6. HP: 40/51 MP: 0/11
  5014 | D:4      | Noticed Ijyb
  5140 | D:4      | Killed Ijyb
  5297 | D:4      | Noticed Robin
  5353 | D:4      | Killed Robin
  5789 | D:4      | Noticed Grinder
  5795 | D:4      | Paralysed by Grinder for 2 turns
  5813 | D:4      | Learned a level 3 spell: Teleport Other
  5842 | D:5      | Entered Level 5 of the Dungeon
  6018 | D:5      | Found a radiant altar of Vehumet.
  6081 | D:5      | Reached XP level 7. HP: 38/57 MP: 12/12
  6345 | D:5      | Found a hazy altar of Hepliaklqana.
  6689 | D:5      | Found a shattered altar of Ashenzari.
  6690 | D:5      | Found a glowing silver altar of Zin.
  6986 | D:6      | Reached skill level 5 in Polearms
  7171 | D:6      | Found a hide-covered altar of Uskayaw.
  7259 | D:6      | Found a staircase to the Ecumenical Temple.
  7789 | D:6      | Noticed Prince Ribbit
  7863 | D:6      | Killed Prince Ribbit
  7895 | D:6      | Reached XP level 8. HP: 57/66 MP: 8/13
  8567 | D:7      | Learned a level 3 spell: Gell's Gravitas
  8720 | D:7      | Noticed Menkaure
  8723 | D:7      | Killed Menkaure
  9083 | D:7      | Reached skill level 6 in Polearms
  9606 | D:5      | Reached skill level 5 in Armour
  9858 | D:7      | Noticed a hippogriff
  9889 | D:7      | Killed a hippogriff
 10518 | D:7      | Reached XP level 9. HP: 68/72 MP: 14/14
 11678 | D:9      | Reached skill level 7 in Polearms
 11678 | D:9      | Reached skill level 5 in Dodging
 12006 | D:9      | Found a deep blue altar of Sif Muna.
 12048 | D:9      | Noticed Joseph
 12076 | D:10     | Entered Level 10 of the Dungeon
 12085 | D:10     | HP: 3/73 [ice beast (6)]
 12097 | D:10     | Reached skill level 5 in Fighting
 15564 | D:9      | Killed Joseph
 15564 | D:9      | Reached XP level 10. HP: 29/81 MP: 15/15
 15827 | D:9      | Reached skill level 8 in Polearms
 16404 | D:11     | Noticed an unseen horror
 16409 | D:11     | Killed an unseen horror
 16600 | D:11     | Noticed a two-headed ogre
 16618 | D:10     | Killed a two-headed ogre
 16772 | D:11     | Found a staircase to the Orcish Mines.
 16793 | D:11     | Noticed a cyclops
 16996 | D:11     | Killed a cyclops
 16996 | D:11     | Reached skill level 9 in Polearms
 17349 | D:11     | Noticed a red ugly thing
 17358 | D:11     | Killed a red ugly thing
 17507 | D:11     | Noticed Nergalle
 17946 | D:12     | Reached XP level 11. HP: 90/90 MP: 17/17
 18126 | D:12     | Noticed an unseen horror
 18133 | D:12     | Killed an unseen horror
 18428 | D:12     | Got a fine chain mail
 18439 | D:12     | Identified the cursed +0 chain mail of Noughts and Crosses {+Blink rPois Str-2} (You found it on level 12 of the Dungeon)
 19702 | D:12     | Reached skill level 10 in Polearms
 19764 | D:12     | HP: 4/92 [manticore (11)]
 20233 | D:12     | Learned a level 1 spell: Apportation
 20646 | Orc:1    | Entered Level 1 of the Orcish Mines
 21060 | D:12     | Identified the +5 ring mail "Viturchui" {MR++} (You took it off a wight on level 12 of the Dungeon)
 21111 | D:11     | Noticed a sixfirhy
 21135 | Orc:1    | Found a frozen archway.
 21143 | IceCv    | Entered an ice cave
 21833 | IceCv    | Reached skill level 10 in Armour
 22351 | IceCv    | Reached skill level 5 in Translocations
 22828 | IceCv    | Identified a scroll of acquirement
 22829 | IceCv    | Got a scorched hunting sling
 22830 | IceCv    | Identified the +7 hunting sling of the Pure Wars {speed, rF+ Int+4} (You acquired it in an ice cave)
 23589 | IceCv    | Reached skill level 11 in Polearms
 23629 | IceCv    | Reached XP level 12. HP: 77/101 MP: 16/19
 24148 | IceCv    | Noticed a frost giant
 24175 | IceCv    | Identified the Tome of Damaging Aid
 25611 | D:13     | Learned a level 4 spell: Passage of Golubria
 25614 | D:13     | Learned a level 2 spell: Song of Slaying
 27080 | D:8      | Found Ryikaah's Weapon Emporium.
 27348 | D:8      | Found a staircase to the Lair.
 27358 | Lair:1   | Entered Level 1 of the Lair of Beasts
 27358 | Lair:1   | Noticed Harold
 27369 | Lair:1   | Killed Harold
 27369 | Lair:1   | Reached skill level 12 in Polearms
 27699 | Lair:1   | Noticed Tel Liarphemo's ghost (novice DsBe)
 27701 | Lair:1   | Found a runed door.
 28539 | Lair:2   | Found a hole to the Spider Nest.
 28577 | Lair:2   | Found a staircase to the Swamp.
 29310 | Lair:2   | Reached XP level 13. HP: 61/111 MP: 22/22
 30083 | Lair:2   | Noticed Gastronok
 30098 | Lair:2   | Killed Gastronok
 30582 | Lair:3   | Reached skill level 5 in Charms
 31624 | Lair:4   | You fall through a shaft for 2 floors!
 31624 | Lair:6   | Entered Level 6 of the Lair of Beasts
 31825 | Lair:6   | Reached skill level 13 in Polearms
 34420 | D:10     | Reached XP level 14. HP: 119/119 MP: 23/23
 34982 | D:10     | Killed Nergalle
 34982 | D:10     | Reached skill level 10 in Fighting
 36741 | Orc:1    | Found Xewnamor's Gadget Boutique.
 36803 | Orc:1    | Noticed an orc warlord
 37508 | Orc:1    | Killed an orc warlord
 37788 | Orc:1    | Found a roughly hewn altar of Beogh.
 39625 | Orc:2    | Entered Level 2 of the Orcish Mines
 39627 | Orc:2    | Noticed an orc warlord
 39767 | Orc:2    | Found a runed door.
 39772 | Orc:2    | Noticed motoroller71's ghost (adept GnFi)
 39783 | Orc:2    | Noticed Azrael
 40161 | D:13     | Reached skill level 14 in Polearms
 40366 | D:13     | Found a gate to the Vaults.
 41827 | D:15     | Entered Level 15 of the Dungeon
 41943 | D:15     | Found a staircase to the Depths.
 42776 | D:15     | Reached skill level 10 in Dodging
 43048 | D:15     | Reached skill level 15 in Polearms
 43386 | D:15     | Reached XP level 15. HP: 105/129 MP: 21/24
 45410 | Lair:6   | Found a viscous altar of Jiyva.
 45410 | Lair:6   | Found a staircase to the Slime Pits.
 45544 | Lair:6   | Found a runed door.
 48171 | D:2      | Killed Sigmund
 48485 | D:4      | Killed Grinder
 48774 | Lair:1   | Killed Tel Liarphemo's ghost
 49066 | Orc:2    | Found Gunab's Distillery.
 49544 | Orc:1    | Reached skill level 16 in Polearms
 49785 | Orc:1    | Killed Azrael
 49925 | Orc:2    | Bought a potion of resistance for 110 gold pieces
 49925 | Orc:2    | Bought a potion of heal wounds for 55 gold pieces
 49925 | Orc:2    | Bought a potion of curing for 33 gold pieces
 49925 | Orc:2    | Bought a potion of might for 44 gold pieces
 49925 | Orc:2    | Bought a potion of agility for 44 gold pieces
 49925 | Orc:2    | Bought a potion of brilliance for 44 gold pieces
 49948 | Orc:2    | Found a staircase to the Elven Halls.
 50710 | Spider:1 | Entered Level 1 of the Spider Nest
 51500 | Swamp:1  | Entered Level 1 of the Swamp
 56604 | Swamp:2  | Found a shimmering altar of Xom.
 57232 | Swamp:2  | Reached XP level 16. HP: 120/139 MP: 26/26
 58401 | Swamp:3  | Learned a level 5 spell: Summon Forest
 58670 | Swamp:3  | Found a runed gate.
 58670 | Swamp:3  | Found a runed gate.
 58670 | Swamp:3  | Found a runed gate.
 58670 | Swamp:3  | Noticed Xuaf's ghost (adept MiBe)
 58727 | Swamp:3  | Reached skill level 1 in Summonings
 58768 | Swamp:4  | Entered Level 4 of the Swamp
 64084 | Orc:2    | HP: 7/140 [motoroller71's ghost (9)]
 64084 | Orc:2    | Demolished by motoroller71's ghost

Skill      XL: |  1  2  3  4  5  6  7  8  9 10 11 12 13 14 15 16 |
---------------+-------------------------------------------------+-----
Armour         | 1 2 3 4 5 7 8 10 11 | 11.2
Polearms       | 2 3 4 5 6 7 9 11 12 13 15 16 | 16.6
Fighting       | 2 3 4 5 6 7 9 11 12 | 12.3
Dodging        | 2 3 4 5 6 7 8 10 | 10.9
Charms         | 1 2 3 4 6 |  6.8
Translocations | 3 4 5 6 7 8 |  8.9
Spellcasting   | 2 3 4 |  4.6
Summonings     | 3 |  3.5
Throwing       | |  0.8
Shields        | |  0.3

Action                   |  1- 3 |  4- 6 |  7- 9 | 10-12 | 13-15 | 16-18 || total
-------------------------+-------+-------+-------+-------+-------+-------++-------
Melee: Spear             |   201 |   144 |       |       |       |       ||   345
       Trident           |       |   158 |   772 |    97 |    35 |    29 ||  1091
       Glaive            |       |    29 |       |   950 |  1866 |   415 ||  3260
       Short sword       |       |       |    36 |       |       |       ||    36
Throw: Tomahawk          |       |       |    17 |     4 |       |       ||    21
 Cast: Shroud of Golubri |     8 |    12 |    73 |    44 |    52 |     5 ||   194
       Teleport Other    |       |     1 |     5 |     8 |    20 |     8 ||    42
       Blink             |       |       |    13 |    19 |    28 |     4 ||    64
       Gell's Gravitas   |       |       |    10 |       |     5 |     8 ||    23
       Apportation       |       |       |       |     2 |       |       ||     2
       Song of Slaying   |       |       |       |       |    60 |     1 ||    61
       Passage of Golubr |       |       |       |       |    11 |     2 ||    13
       Summon Forest     |       |       |       |       |       |     3 ||     3
Evoke: Wand              |       |       |    57 |    41 |    36 |     6 ||   140
       Phial of floods   |       |       |       |     2 |     4 |     1 ||     7
       Box of beasts     |       |       |       |       |     1 |       ||     1
  Use: Potion            |       |    10 |     7 |     3 |     7 |    11 ||    38
       Scroll            |       |       |    12 |    10 |    15 |     8 ||    45
 Stab: Sleeping          |     1 |     2 |       |       |       |       ||     3
       Paralysed         |       |       |    57 |       |       |       ||    57
       Confused          |       |       |       |     2 |       |       ||     2
       Distracted        |       |       |       |       |     1 |     1 ||     2
       Petrified         |       |       |       |       |     8 |       ||     8
       Invisible         |       |       |       |       |       |     1 ||     1
  Eat: Ration            |     1 |       |     5 |     7 |    16 |     4 ||    33
       Chunk             |     5 |    10 |    24 |    25 |    45 |    12 ||   121
Armor: Leather armour    |    34 |    37 |       |       |       |       ||    71
       Ring mail         |       |    61 |   353 |   386 |   583 |       ||  1383
       Scale mail        |       |       |       |   138 |   165 |   174 ||   477
       Acid dragon scale |       |       |       |     8 |       |       ||     8
       Plate armour      |       |       |       |       |    17 |       ||    17
Dodge: Dodged            |   100 |   221 |   560 |   854 |  1416 |   336 ||  3487
Block: Buckler           |       |       |       |     7 |       |       ||     7
